 Dungeon Crawl Stone Soup version 0.20.1-1-g8b1a95d (webtiles) character file.

53797 vatarom the Zephyrmancer (level 14, 0/109 HPs)
             Began as a Demonspawn Air Elementalist on Sept 22, 2017.
             Was a High Priest of Vehumet.
             Succumbed to a soldier ant's poison
             ... on level 6 of the Lair of Beasts.
             The game lasted 00:51:25 (19327 turns).

vatarom the Zephyrmancer (DsAE)                    Turns: 19327, Time: 00:51:25

Health: 0/109      AC:  0    Str:  9    XL:     14   Next: 32%
Magic:  2/35       EV: 14    Int: 22    God:    Vehumet [*****.]
Gold:   648        SH:  2    Dex: 18    Spells: 3/30 levels left

rFire    + . .     SeeInvis +   b - +8 longbow "Zephyr" {speed, Dex+3 SInv}
rCold    + + +     Gourm    .   (shield currently unavailable)
rNeg     . . .     Faith    .   Q - +0 leather armour {MR+}
rPois    .         Spirit   .   f - +2 hat {MR+}
rElec    .         Reflect  +   r - +0 cloak
rCorr    .         Harm     .   n - +0 pair of gloves
MR       +++..                  I - +0 pair of boots of Happiness {rC+ MP+9}
Stlth    +++.......             G - amulet of Xom's Bemusement {Reflect rC++ Slay+3 SH+2}
Regen    0.3/turn               e - +1 ring of protection
MPRegen  0.3/turn               x - ring of stealth

@: lethally poisoned (0 -> -6), corroded
A: talons 2, slimy green scales 2, blink, clever 1, fire resistance 1, spiny 2,
flame cloud immunity
a: Blink, Renounce Religion


You were on level 6 of the Lair of Beasts.
You worshipped Vehumet.
Vehumet was extremely pleased with you.
You were full.

You visited 3 branches of the dungeon, and saw 18 of its levels.

You collected 970 gold pieces.
You spent 322 gold pieces at shops.

Inventory:

Hand Weapons
 a - a +4 quarterstaff of chaos
 b - the +8 longbow "Zephyr" (weapon) {speed, Dex+3 SInv}
   (You found it on level 5 of the Dungeon)

   Attacks with this weapon are significantly faster.
   It affects your dexterity (+3).
   It lets you see invisible.
Missiles
 j - 4 javelins
 t - 139 arrows (quivered)
Armour
 f - a +2 hat of magic resistance (worn)
 n - a +0 pair of gloves (worn)
 r - a +0 cloak (worn)
 I - the +0 pair of boots of Happiness (worn) {rC+ MP+9}
   (You bought it in a shop on level 10 of the Dungeon)

   It protects you from cold.
   It affects your magic capacity (+9).
 Q - a +0 leather armour of magic resistance (worn)
Jewellery
 e - a +1 ring of protection (left hand)
 v - an uncursed ring of see invisible
 x - a ring of stealth (right hand)
 G - the amulet of Xom's Bemusement (around neck) {Reflect rC++ Slay+3 SH+2}
   (You found it on level 9 of the Dungeon)

   [amulet of reflection]

   It shields you and reflects attacks.
   It affects your accuracy and damage with ranged weapons and melee attacks
   (+3).
   It greatly protects you from cold.
   It affects your SH (+2).
Wands
 i - a wand of disintegration (10/24)
 l - a wand of flame (30/48)
 p - a wand of random effects (13/48)
 q - a wand of confusion (19/48)
 w - a wand of acid (13/15)
 A - a wand of flame (15/48)
 C - a wand of flame (21/48)
 F - a wand of lightning (2/15)
 M - a wand of disintegration (5/24)
 N - a wand of enslavement (12/24)
 O - a wand of digging (8/24)
Scrolls
 c - a scroll of recharging
 g - 10 scrolls of identify
 h - a scroll of fear
 L - 2 scrolls of remove curse
Potions
 m - a potion of agility
 o - 2 potions of might
 s - 4 potions of curing
 u - 2 potions of resistance
 z - 2 potions of brilliance
 B - 3 potions of heal wounds
 D - 2 potions of lignification
Comestibles
 k - 26 fruits
 E - 4 bread rations
 K - 3 royal jellies


   Skills:
 + Level 9.9 Fighting
 + Level 8.9 Bows
 - Level 4.5 Dodging
 - Level 1.7 Stealth
 + Level 8.7 Spellcasting
 + Level 10.2 Conjurations
 - Level 4.7 Ice Magic
 * Level 13.8 Air Magic


You had 3 spell levels left.
You knew the following spells:

 Your Spells              Type           Power        Failure   Level  Hunger
a - Shock                 Conj/Air       ####         1%          1    None
b - Swiftness             Chrm/Air       #####...     1%          2    None
c - Static Discharge      Conj/Air       ######..     1%          3    None
d - Airstrike             Air            ######....   1%          4    ##.....
e - Lightning Bolt        Conj/Air       ######....   1%          5    #####..
f - Freezing Cloud        Conj/Ice/Air   ######....   8%          6    ######.
g - Bolt of Cold          Conj/Ice       #####.....   17%         6    ######.


Dungeon Overview and Level Annotations

Branches:
Dungeon (11/15)            Temple (1/1) D:5            Lair (6/6) D:11
  Swamp (0/4) Lair:3       Spider (0/4) Lair:3        Slime (0/5) Lair:5
    Orc: D:9-12

Altars:
Ashenzari
Cheibriados
Dithmenos
Elyvilon
Fedhas
Gozag
Hepliaklqana
Kikubaaqudgha
Makhleb
Nemelex Xobeh
Okawaru
Qazlal
Ru
Sif Muna
Trog
Uskayaw
Vehumet
Xom
Yredelemnul
Zin
The Shining One
Jiyva

Shops:
D:10 [

Annotations:
D:4 vatarom's ghost, amateur DsAE
Lair:6 exclusion: oklob plant


Innate Abilities, Weirdness & Mutations

You have razor-sharp toenails.
You are mostly covered in slimy green scales. (AC +3)
Your flesh is heat resistant. (rF+)
You are mostly covered in sharp spines.
You are immune to clouds of flame.
You can translocate small distances at will.
Your mind is acute. (Int +2)


Message History

Confirm with . or Enter, or press ? or * to list all spells.
Aiming: Airstrike
Press: ? - help, Dir - move target cursor, f/p - entropy weaver
Aim: an entropy weaver, wielding a broad axe (heavily wounded)
The air twists around and strikes the entropy weaver!
The entropy weaver is severely wounded.
You feel sick.
The entropy weaver gestures wildly while chanting.
The entropic weave corrodes you!
The entropy weaver hits you with a broad axe! x2
* * * LOW HITPOINT WARNING * * *
The entropy weaver hits you with a broad axe!
* * * LOW HITPOINT WARNING * * *
The entropy weaver hits you with a broad axe!
* * * LOW HITPOINT WARNING * * *
Okay, then.
As you read the scroll of fear, it crumbles to dust.
You assume a fearsome visage.
The entropy weaver looks frightened!
The crocodile looks frightened!
You die...

# . #...#.[.........#######
#..#. ##..##...........##...P#
#....##..###.........#........
#........P..#.........#......#
..P##.............##........#
##......P.##.......##..#.....#
#...##...####......###. .#####
#..#.#..#.#.P.a....# .#..
#....#........@....# ...
#.............(....# ..
#..............(....#
#...................#
##...............(...#
#..#.###....P....(.....
##.##(###.#.#....(..t..
##......#.##..(...(.....
#..........###...........


You could see an entropy weaver (fleeing) and a crocodile (fleeing).

Vanquished Creatures
  Rupert (Lair:6)
  Gastronok (Lair:3)
  An entropy weaver (Lair:6)
  Fannar (D:11)
  6 hydras
  A catoblepas (Lair:6)
  4 two-headed ogres
  Sonja (Lair:1)
  A fire crab (Lair:4)
  A phantasmal warrior (D:11)
  A manticore (Lair:4)
  A wolf spider (Lair:3)
  The ghost of anything the Covert, a novice OpAs of Nemelex Xobeh (D:6)
  6 elephants (Lair:5)
  5 black mambas
  16 spiny frogs
  A kobold demonologist (D:10)
  5 rime drakes
  A freezing wraith (D:11)
  5 komodo dragons
  2 trolls
  2 polar bears
  Grinder (D:4)
  A hornet (D:8)
  17 blink frogs
  14 hippogriffs
  A wraith (D:11)
  A spriggan (D:8)
  7 wyverns (Lair:4)
  Eustachio (D:6)
  A fire elemental (D:11)
  13 basilisks
  A hungry ghost (D:9)
  3 vampire mosquitoes (Lair:3)
  42 yaks
  3 wargs (D:11)
  9 soldier ants (Lair:6)
  An acid dragon (D:11)
  11 porcupines
  9 water moccasins
  2 orc warriors
  A sky beast (D:7)
  3 ice beasts
  2 phantoms (D:8)
  3 black bears
  12 ogres
  7 wolves
  5 centaurs
  7 crocodiles
  A big kobold (D:9)
  Blork the orc (D:5)
  9 bullfrogs
  A wyvern skeleton (D:10)
  3 scorpions
  14 killer bees
  A howler monkey (D:5)
  3 lava snakes (D:11)
  A crimson imp (D:6)
  7 hounds
  5 orc priests
  4 jellies
  3 bullfrog skeletons
  Crazy Yiuf (D:3)
  A centaur skeleton (D:5)
  A gnoll shaman (D:7)
  10 orc wizards
  An iguana (D:4)
  14 worker ants
  3 worker ant zombies
  11 adders
  14 gnolls
  A shadow imp (D:3)
  2 oozes (D:3)
  3 adder zombies
  2 adder skeletons
  4 worms
  2 dart slugs
  8 leopard geckos
  30 orcs
  A ball python (D:2)
  9 bats
  8 giant cockroaches
  9 hobgoblins
  7 jackals
  6 quokkas
  2 frilled lizards
  4 goblins
  A jackal zombie (D:7)
  14 kobolds
  2 quokka skeletons (D:5)
  10 rats
  A butterfly (Lair:5)
  5 fungi
  2 plants
484 creatures vanquished.

Vanquished Creatures (others)
  11 fungi
  9 plants
20 creatures vanquished.

Grand Total: 504 creatures vanquished

Notes
Turn   | Place    | Note
-------+----------+-------------------------------------------
     0 | D:1      | vatarom the Demonspawn Air Elementalist began the quest for the Orb.
     0 | D:1      | Reached XP level 1. HP: 13/13 MP: 3/3
   316 | D:1      | Gained mutation: Your flesh is heat resistant. (rF+) [demonic ancestry]
   316 | D:1      | Reached XP level 2. HP: 20/20 MP: 0/5
   388 | D:1      | Learned a level 2 spell: Swiftness
   728 | D:1      | Reached skill level 3 in Air Magic
   902 | D:1      | Reached skill level 1 in Fighting
  1144 | D:2      | Gained mutation: You are immune to clouds of flame. [demonic ancestry]
  1144 | D:2      | Reached XP level 3. HP: 21/26 MP: 4/6
  1840 | D:3      | Found a sacrificial altar of Ru.
  1847 | D:3      | Learned a level 3 spell: Static Discharge
  1989 | D:3      | Reached XP level 4. HP: 14/32 MP: 2/7
  2010 | D:3      | HP: 1/33 [shot self (15)]
  2415 | D:3      | Found a runed door.
  2475 | D:3      | Noticed Crazy Yiuf
  2482 | D:3      | Killed Crazy Yiuf
  2661 | D:3      | Gained mutation: You are partially covered in sharp spines. [demonic ancestry]
  2661 | D:3      | Reached XP level 5. HP: 13/38 MP: 1/9
  2918 | D:3      | Found a stormy altar of Qazlal.
  3165 | D:4      | Noticed Grinder
  3165 | D:4      | Noticed an ogre
  3193 | D:3      | Reached skill level 4 in Air Magic
  3311 | D:3      | Gained mutation: You are partially covered in slimy green scales. (AC +2) [demonic ancestry]
  3311 | D:3      | Reached XP level 6. HP: 38/46 MP: 6/10
  3406 | D:4      | Killed Grinder
  3406 | D:4      | Gained mutation: You are mostly covered in slimy green scales. (AC +3) [demonic ancestry]
  3406 | D:4      | Reached XP level 7. HP: 34/52 MP: 4/12
  3516 | D:4      | Learned a level 4 spell: Airstrike
  3567 | D:4      | Reached skill level 5 in Air Magic
  4205 | D:4      | Noticed vatarom's ghost (amateur DsAE)
  4407 | D:4      | Found a sparkling altar of Nemelex Xobeh.
  4460 | D:5      | Entered Level 5 of the Dungeon
  4470 | D:5      | Reached XP level 8. HP: 60/60 MP: 4/14
  4686 | D:5      | Reached skill level 6 in Air Magic
  5458 | D:5      | Found a staircase to the Ecumenical Temple.
  5516 | Temple   | Entered the Ecumenical Temple
  5594 | Temple   | Became a worshipper of Vehumet
  5994 | D:5      | Learned a level 5 spell: Lightning Bolt
  6009 | D:5      | Noticed Blork the orc
  6020 | D:5      | Killed Blork the orc
  6020 | D:5      | Reached skill level 1 in Bows
  6227 | D:6      | Gained mutation: You have a pair of small horns on your head. [potion of mutation]
  6227 | D:6      | Gained mutation: You have a beak for a mouth. [potion of mutation]
  6228 | D:6      | Lost mutation: You have a pair of small horns on your head. [potion of mutation]
  6228 | D:6      | Lost mutation: You have a beak for a mouth. [potion of mutation]
  6228 | D:6      | Gained mutation: Your mind is acute. (Int +2) [potion of mutation]
  6228 | D:6      | Gained mutation: You can translocate small distances at will. [potion of mutation]
  6233 | D:6      | Noticed Eustachio
  6249 | D:6      | Killed Eustachio
  6249 | D:6      | Reached skill level 5 in Conjurations
  6319 | D:6      | Reached skill level 7 in Air Magic
  6345 | D:6      | Found a shadowy altar of Dithmenos.
  6520 | D:6      | Reached skill level 5 in Spellcasting
  6563 | D:6      | Noticed anything's ghost (novice OpAs)
  6571 | D:6      | Killed anything's ghost
  6571 | D:6      | Gained mutation: You are mostly covered in sharp spines. [demonic ancestry]
  6571 | D:6      | Reached XP level 9. HP: 54/66 MP: 3/16
  6850 | D:6      | Reached * piety under Vehumet
  6850 | D:6      | Offered knowledge of Sting by Vehumet.
  7302 | D:7      | Reached skill level 8 in Air Magic
  7383 | D:7      | Found a hazy altar of Hepliaklqana.
  7426 | D:7      | Reached ** piety under Vehumet
  7426 | D:7      | Offered knowledge of Freeze by Vehumet.
  7587 | D:7      | Found a basalt altar of Yredelemnul.
  7955 | D:8      | Found a glowing silver altar of Zin.
  8008 | D:8      | Found a shattered altar of Ashenzari.
  8180 | D:8      | Reached skill level 5 in Fighting
  8194 | D:8      | Found a burning altar of Makhleb.
  8201 | D:8      | Paralysed by a hornet for 1 turns
  8202 | D:8      | Reached XP level 10. HP: 68/74 MP: 3/18
  8341 | D:8      | Noticed a two-headed ogre
  8344 | D:8      | Killed a two-headed ogre
  8344 | D:8      | Reached skill level 9 in Air Magic
  8419 | D:8      | Found a radiant altar of Vehumet.
  8882 | D:9      | Got a scintillating crystal amulet
  8884 | D:9      | Identified the amulet of Xom's Bemusement {Reflect rC++ Slay+3 SH+2} (You found it on level 9 of the Dungeon)
  9025 | D:9      | Reached skill level 5 in Bows
  9221 | D:9      | Reached skill level 10 in Air Magic
  9375 | D:9      | Offered knowledge of Stone Arrow by Vehumet.
  9836 | D:10     | Entered Level 10 of the Dungeon
  9836 | D:10     | Found Esmaiss's Antique Armour Emporium.
  9867 | D:10     | Bought a pair of smoking boots for 266 gold pieces
  9872 | D:10     | Identified the cursed +0 pair of boots of Happiness {rC+ MP+9} (You bought it in a shop on level 10 of the Dungeon)
  9981 | D:10     | Bought a leather armour for 56 gold pieces
 10003 | D:10     | Noticed a two-headed ogre
 10011 | D:10     | Killed a two-headed ogre
 10011 | D:10     | Reached *** piety under Vehumet
 10011 | D:10     | Gained mutation: You have sharp toenails. [demonic ancestry]
 10011 | D:10     | Reached XP level 11. HP: 42/83 MP: 12/19
 10388 | D:10     | Offered knowledge of Dazzling Spray by Vehumet.
 10545 | D:11     | Learned a level 6 spell: Freezing Cloud
 10614 | D:11     | Noticed a two-headed ogre
 10619 | D:11     | Killed a two-headed ogre
 10619 | D:11     | Reached skill level 1 in Ice Magic
 11028 | D:11     | Reached **** piety under Vehumet
 11076 | D:11     | Noticed Fannar
 11077 | D:11     | Noticed a two-headed ogre
 11100 | D:11     | Killed a two-headed ogre
 11103 | D:11     | Killed Fannar
 11103 | D:11     | Reached skill level 11 in Air Magic
 11144 | D:11     | Offered knowledge of Olgreb's Toxic Radiance by Vehumet.
 11203 | D:11     | Got a twisted war axe {speed}
 11204 | D:11     | Identified the cursed +3 war axe "Apuonn" {speed, +Inv rElec Str+6 Int-4} (You took it off an orc wizard on level 11 of the Dungeon)
 11223 | D:11     | Found a staircase to the Lair.
 11578 | D:11     | Noticed a phantasmal warrior
 11581 | D:11     | Noticed a death knight
 11585 | D:11     | Killed a phantasmal warrior
 11713 | Lair:1   | Entered Level 1 of the Lair of Beasts
 11790 | Lair:1   | Noticed an eight-headed hydra
 11795 | Lair:1   | Killed an eight-headed hydra
 11871 | Lair:1   | Reached XP level 12. HP: 86/92 MP: 20/20
 12685 | Lair:1   | Noticed Sonja
 12687 | Lair:1   | Killed Sonja
 13608 | Lair:2   | Reached skill level 12 in Air Magic
 14082 | Lair:2   | Noticed a four-headed hydra
 14086 | Lair:2   | Killed a four-headed hydra
 14176 | Lair:3   | Found a staircase to the Swamp.
 14191 | Lair:3   | Reached ***** piety under Vehumet
 14211 | Lair:3   | Offered knowledge of Iskenderun's Mystic Blast by Vehumet.
 14332 | Lair:3   | Noticed Gastronok
 14348 | Lair:3   | Killed Gastronok
 14451 | Lair:3   | Reached XP level 13. HP: 64/99 MP: 14/23
 14715 | Lair:3   | Found a hole to the Spider Nest.
 16198 | Lair:4   | Reached skill level 13 in Air Magic
 17304 | Lair:5   | Found a staircase to the Slime Pits.
 17305 | Lair:5   | Found a viscous altar of Jiyva.
 17633 | Lair:5   | Offered knowledge of Bolt of Cold by Vehumet.
 17754 | Lair:5   | Learned a level 6 spell: Bolt of Cold
 18103 | Lair:5   | Gained mutation: You have razor-sharp toenails. [demonic ancestry]
 18103 | Lair:5   | Reached XP level 14. HP: 108/108 MP: 26/26
 18227 | Lair:6   | Entered Level 6 of the Lair of Beasts
 18420 | Lair:6   | Reached skill level 10 in Conjurations
 18524 | Lair:6   | Noticed Rupert
 18543 | Lair:6   | Killed Rupert
 18795 | Lair:6   | Noticed an entropy weaver
 19049 | Lair:6   | Noticed an entropy weaver
 19062 | Lair:6   | Killed an entropy weaver
 19326 | Lair:6   | HP: 1/109 [entropy weaver/broad axe (16)]
 19327 | Lair:6   | Succumbed to a soldier ant's poison

Skill      XL: |  1  2  3  4  5  6  7  8  9 10 11 12 13 14 |
---------------+-------------------------------------------+-----
Air Magic      | 3 4 5 7 8 10 11 12 13 | 13.8
Fighting       | 1 2 3 4 5 6 7 8 9 |  9.9
Conjurations   | 2 3 4 5 6 7 8 9 10 | 10.2
Spellcasting   | 3 4 5 6 8 |  8.7
Bows           | 2 3 5 6 7 8 |  8.9
Ice Magic      | 4 |  4.7
Dodging        | 4 |  4.5
Stealth        | |  1.7

Action                   |  1- 3 |  4- 6 |  7- 9 | 10-12 | 13-15 || total
-------------------------+-------+-------+-------+-------+-------++-------
Melee: Unarmed           |    23 |       |       |       |       ||    23
       Hand axe          |    42 |     2 |       |       |       ||    44
       Quarterstaff      |       |    37 |    23 |       |       ||    60
 Fire: Longbow           |       |       |   177 |   312 |   312 ||   801
Throw: Javelin           |     1 |       |       |       |       ||     1
 Cast: Shock             |    78 |    18 |    42 |    31 |       ||   169
       Static Discharge  |       |     8 |    26 |    19 |    14 ||    67
       Airstrike         |       |       |    11 |    42 |    74 ||   127
       Lightning Bolt    |       |       |     2 |    21 |    11 ||    34
       Freezing Cloud    |       |       |       |    29 |    31 ||    60
       Bolt of Cold      |       |       |       |       |     2 ||     2
 Abil: Blink             |       |       |       |     1 |       ||     1
Evoke: Wand              |       |     2 |       |       |     2 ||     4
  Use: Scroll            |     4 |     2 |     8 |     5 |     9 ||    28
       Potion            |     2 |     1 |     6 |     2 |     1 ||    12
 Stab: Sleeping          |     1 |     1 |     1 |       |       ||     3
  Eat: Chunk             |     4 |     1 |    12 |     9 |    19 ||    45
       Bread ration      |       |     1 |     2 |     1 |     3 ||     7
       Royal jelly       |       |       |       |     3 |       ||     3
       Meat ration       |       |       |       |     5 |     1 ||     6
       Fruit             |       |       |       |     2 |     5 ||     7
Armor: Robe              |    34 |    20 |    21 |     9 |       ||    84
       Leather armour    |       |       |       |    11 |    23 ||    34
Dodge: Dodged            |    71 |    41 |    41 |    40 |    26 ||   219
Block: Other             |       |       |       |     3 |     6 ||     9
